 Dungeon Crawl Stone Soup version 0.18.1-1-g2f07953 (webtiles) character file.

67 Softman25 the Sneak (level 3, 0/16 HPs)
             Began as a Spriggan Enchanter on Oct 12, 2016.
             Succumbed to a kobold's poison
             ... on level 3 of the Dungeon.
             The game lasted 00:14:05 (1970 turns).

Softman25 the Sneak (Spriggan Enchanter)            Turns: 1970, Time: 00:14:05

Health: 0/16       AC:  4    Str:  4    XL:     3   Next: 98%
Magic:  8/8        EV: 18    Int: 22    God:    Xom [..*...]
Gold:   162        SH:  0    Dex: 16    Spells: 2 memorised, 4 levels left

rFire  . . .     SeeInvis +     a - +2 dagger
rCold  . . .     Gourm    .     b - +1 robe
rNeg   . . .     Faith    .     (shield restricted)
rPois  .         Spirit   .     (helmet restricted)
rElec  .         Dismiss  .     e - +0 cloak
rCorr  .         Reflect  .     (gloves unavailable)
SustAt .         Harm     .     (boots unavailable)
MR     .....                    (no amulet)
Stlth  ++++......               (no ring)
                                (no ring)

@: brilliant, lethally poisoned (0 -> -4), very quick, not resistant to hostile
enchantments, stealthy
A: unfitting armour, see invisible, herbivore 3, speed 3, slow metabolism 2
a: Renounce Religion


You were on level 3 of the Dungeon.
You worshipped Xom.
You were a toy of Xom.
You were full.

You visited 1 branch of the dungeon, and saw 3 of its levels.

You collected 162 gold pieces.

Inventory:

Hand Weapons
 a - a +2 dagger (weapon)
 o - a +0 hunting sling
Missiles
 p - 18 stones (quivered)
Armour
 b - a +1 robe (worn)
 e - a +0 cloak (worn)
Wands
 f - a wand of digging (9/24)
Scrolls
 g - a scroll of amnesia
 r - a scroll of recharging {unknown}
Books
 c - a book of Maledictions

   Spells                             Type                      Level
   a - Corona                         Hexes                        1
   b - Ensorcelled Hibernation        Hexes/Ice                    2
   c - Confuse                        Hexes                        3
   d - Tukima's Dance                 Hexes                        3
   e - Dazzling Spray                 Conjuration/Hexes            3
Comestibles
 d - 3 bread rations
 l - 2 slices of pizza


   Skills:
 - Level 0.1 Fighting
 * Level 2.0 Short Blades
 - Level 3.0 Dodging
 - Level 7.0 Stealth
 - Level 2.6 Spellcasting
 - Level 3.6 Hexes


You had 4 spell levels left.
You knew the following spells:

 Your Spells              Type           Power        Failure   Level  Hunger
a - Corona                Hex            ####...      1%          1    None
b - Ensorcelled Hibernat  Hex/Ice        ###...       1%          2    ##.....


Dungeon Overview and Level Annotations

Branches:
Dungeon (3/15)

Altars:
Elyvilon
Xom
Yredelemnul


Innate Abilities, Weirdness & Mutations

You are tiny and cannot use many weapons and most armour.
You have supernaturally acute eyesight.
You are a herbivore.
You cover ground extremely quickly.
You need consume almost no food.


Message History

As you read the scroll labeled IKAJUE ZINEB, it crumbles to dust.
It is a scroll of enchant weapon.
Enchant which weapon? (? for menu, Esc to quit)
Your +1 dagger glows red for a moment.
As you read the scroll labeled ERCHESIF AGEVE, it crumbles to dust.
You hear a loud clanging noise!
It was a scroll of noise.
Blink to where?
Press: ? - help, Dir - move target cursor You can't see that place. [the floor.] Sorry, you can't target what you can't see.
Are you sure you want to cancel this blink?
Uppercase [Y]es or [N]o only, please.
Are you sure you want to cancel this blink?
Okay, then.
As you read the scroll labeled TITHUKK DAWI, it crumbles to dust.
It was a scroll of blinking.
You die...
Xom cackles wildly! ...# #.# #.#.###### #.# l..## #.# #........# #.# ..P# #.# #........# #.# PlP#

#.# #........#
#.# ###Pl# #.#
#.....)..# #.#
#†#..# #.#
#........# #.#
#.).# #.#
#........###.#
#.#######.#
#.#..(.......#
#.l......@#
#.############
########### #


You could see a giant newt.

Vanquished Creatures
  2 adders
  3 giant geckos
  2 orcs (D:3)
  4 bats
  3 giant cockroaches
  3 hobgoblins (D:1)
  A ball python (D:2)
  4 giant newts
  9 goblins
  6 kobolds
  5 rats
42 creatures vanquished.

Notes
Turn   | Place    | Note
--------------------------------------------------------------
     0 | D:1      | Softman25 the Spriggan Enchanter began the quest for the Orb.
     0 | D:1      | Reached XP level 1. HP: 9/9 MP: 5/5
   122 | D:1      | Reached skill level 5 in Stealth
   351 | D:1      | Reached XP level 2. HP: 13/13 MP: 6/6
   675 | D:1      | Learned a level 1 spell: Corona
   678 | D:1      | Learned a level 2 spell: Ensorcelled Hibernation
   769 | D:2      | Found a shimmering altar of Xom.
   774 | D:2      | Reached skill level 6 in Stealth
   784 | D:2      | Became a worshipper of Xom of Unknown Intention
   915 | D:2      | Reached XP level 3. HP: 16/16 MP: 0/8
   947 | D:2      | XOM: potion effect (berserk rage)
  1003 | D:2      | XOM: harmless Summ miscast
  1380 | D:3      | XOM: noise
  1470 | D:3      | Found a white marble altar of Elyvilon.
  1522 | D:3      | Reached skill level 7 in Stealth
  1527 | D:3      | Found a basalt altar of Yredelemnul.
  1600 | D:3      | XOM: cast spell 'Spider Form'
  1808 | D:3      | XOM: harmless Necr miscast
  1929 | D:3      | XOM: harmless Tloc miscast
  1970 | D:3      | Succumbed to a kobold's poison

Skill      XL: |  1  2  3 |
---------------+----------+-----
Stealth        | 5 6 7 |  7.0
Short Blades   | 2 |  2.0
Fighting       | |  0.1
Dodging        | |  3.0
Spellcasting   | |  2.6
Hexes          | |  3.6

Action                   || total
-------------------------++-------
Melee: Dagger            ||   226
 Cast: Corona            ||     3
       Ensorcelled Hiber ||     7
  Use: Scroll            ||     5
       Potion            ||     5
 Stab: Sleeping          ||    13
       Distracted        ||     1
  Eat: Bread ration      ||     1
Armor: Robe              ||    23
Dodge: Dodged            ||   122
